 Dungeon Crawl Stone Soup version 0.29-a0-367-gc2b5878c41 (webtiles) character file.

Game seed: 13410776961289132645

72 Essalna the Grave Robber (level 4, -1/30 HPs)
             Began as a Demonspawn Necromancer on May 1, 2022.
             Slain by a worm (6 damage)
             ... on level 3 of the Dungeon.
             The game lasted 00:03:52 (2723 turns).

Essalna the Grave Robber (Demonspawn Necromancer)   Turns: 2723, Time: 00:03:52

Health: -1/30      AC:  4    Str:  8    XL:     4   Next: 7%
Magic:  0/8        EV: 12    Int: 18    God:
Gold:   90         SH:  4    Dex: 14    Spells: 8/9 levels left

rFire   . . .      SeeInvis .   e - +0 spear
rCold   . . .      Faith    .   (no shield)
rNeg    . . .      Spirit   .   a - +0 robe
rPois   .          Reflect  .   (no helmet)
rElec   .          Harm     .   (no cloak)
rCorr   .          Rampage  .   (no gloves)
Will    .....                   (no boots)
Stlth   ++........              (no amulet)
HPRegen 0.10/turn               (no ring)
MPRegen 0.11/turn               (no ring)

@: very slightly contaminated
A: yellow scales 1, condensation shield, demonic magic 1
a: no special abilities


You were on level 3 of the Dungeon.
You visited 1 branch of the dungeon, and saw 3 of its levels.

You collected 90 gold pieces.

Inventory:

Hand Weapons
 d - a +0 whip
 e - a +0 spear (weapon)
Missiles
 h - a throwing net
Armour
 a - a +0 robe (worn)
Scrolls
 c - 7 scrolls of identify
Potions
 b - a potion of magic
 f - a potion of curing {unknown}
 g - a potion of degeneration {unknown}
 i - a potion of cancellation {unknown}


   Skills:
 - Level 1.7 Dodging
 - Level 1.7 Stealth
 + Level 3.2 Spellcasting
 + Level 5.3 Necromancy


You had 8 spell levels left.
You knew the following spells:

 Your Spells              Type           Power      Damage    Failure   Level
a - Pain                  Necr           88%        1d8       1%          1

Your spell library contained the following spells:

 Spells                   Type           Power      Damage    Failure   Level
 Animate Skeleton         Necr           44%        N/A       1%          1
 Vampiric Draining        Necr           22%        2d7       5%          3
 Animate Dead             Necr           11%        N/A       17%         4
 Call Canine Familiar     Summ           2%         N/A       43%         3
 Ozocubu's Armour         Ice            2%         N/A       43%         3
 Portal Projectile        Hex/Tloc       4%         N/A       43%         3
 Agony                    Necr           22%        N/A       43%         5
 Leda's Liquefaction      Hex/Erth       1%         N/A       85%         4
 Ozocubu's Refrigeration  Ice            1%         4d5       100%        7


Dungeon Overview and Level Annotations

Branches:
Dungeon (3/15)

Altars:


Innate Abilities, Weirdness & Mutations

You are partially covered in yellow scales. (AC +2)
A meltable shield of frost defends you. (SH +4)
Spells you cast may paralyse adjacent enemies.


Message History

The river rat suddenly stops moving!
The giant cockroach barely misses you.
Casting: Pain (safe; 1% risk of failure)
Confirm with . or Enter, or press ? or * to list all spells.
Aiming: Pain (safe; 1% risk of failure)
Press: ? - help, Shift-Dir - straight line, f/p - giant cockroach
Aim: a giant cockroach (heavily wounded, chance to affect: 91%)
You miscast Pain.
You are very lightly contaminated with residual magic.
Nothing appears to happen.
The giant cockroach bites you but does no damage.
Casting: Pain (safe; 1% risk of failure)
Confirm with . or Enter, or press ? or * to list all spells.
Aiming: Pain (safe; 1% risk of failure)
Press: ? - help, Shift-Dir - straight line, f/p - giant cockroach
Aim: a giant cockroach (heavily wounded, chance to affect: 91%)
The giant cockroach writhes in agony.
You kill the giant cockroach!
Malevolent energies surge around you.
The goblin suddenly stops moving!
The river rat is no longer paralysed.
The river rat twitches its whiskers.
The river rat bites you!
The helpless goblin fails to defend itself.
You hit the goblin. You punch the goblin.
You kill the goblin!
The river rat bites you.
* * * LOW HITPOINT WARNING * * *
Found a scroll labelled LAUS MAQAYZUE.
The river rat attacks as you move away! The river rat closely misses you.
Casting: Pain (safe; 1% risk of failure)
Confirm with . or Enter, or press ? or * to list all spells.
Aiming: Pain (safe; 1% risk of failure)
Press: ? - help, Shift-Dir - straight line, f - river rat
Aim: a river rat (chance to affect: 86%)
The river rat barely resists.
Malevolent energies surge around you.
The river rat suddenly stops moving!
The helpless river rat fails to defend itself.
You hit the river rat.
The river rat is lightly wounded.
The worm bites you.
You die...

.................#.####
...............)......#
..............##..#####
..............#......#
.<.>!...........######
..............###
......).#######
......wr# ..(....@#
........# ........#
........# ........#
$......## ..?...#
....##


You could see a worm and a river rat (paralysed).

Vanquished Creatures
  An adder (D:3)
  A river rat (D:3)
  A dart slug (D:2)
  An orc (D:2)
  6 bats
  6 endoplasms
  2 giant cockroaches
  3 goblins
  3 hobgoblins
  2 jackals (D:3)
  4 kobolds
  A quokka (D:2)
  8 ball pythons
  2 frilled lizards
  7 rats
48 creatures vanquished.

Notes
Turn   | Place    | Note
-------+----------+-------------------------------------------
     0 | D:1      | Essalna the Demonspawn Necromancer began the quest for the
                  | Orb.
     0 | D:1      | Reached XP level 1. HP: 13/13 MP: 3/3
   279 | D:1      | Found a faded altar of an unknown god.
   378 | D:1      | Gained mutation: You are partially covered in yellow
                  | scales. (AC +2) [demonic ancestry]
   378 | D:1      | Reached XP level 2. HP: 16/19 MP: 0/5
  1619 | D:2      | Reached skill level 5 in Necromancy
  1619 | D:2      | Gained mutation: Spells you cast may paralyse adjacent
                  | enemies. [demonic ancestry]
  1619 | D:2      | Reached XP level 3. HP: 22/24 MP: 4/7
  2708 | D:3      | Gained mutation: A meltable shield of frost defends you.
                  | (SH +4) [demonic ancestry]
  2708 | D:3      | Reached XP level 4. HP: 25/30 MP: 3/8
  2723 | D:3      | Slain by a worm

Illustrated notes

Levels and vault maps discovered:
D:1:      erik_arrival_orb_chamber, layout_loops_corners,
          hellmonk_ecumenical_altar_lost_god, chequers_serial_rivers_small_3
D:2:      kb_forest_paths, layout_loops_ring
D:3:      layout_rooms, portal_sewer_entry_a

Skill      XL: |  1  2  3 |
---------------+----------+-----
Necromancy     | 5 |  5.3
Spellcasting   | 3 |  3.2
Dodging        | |  1.7
Stealth        | |  1.7

Action                   |  1- 3 |  4- 6 || total
-------------------------+-------+-------++-------
Melee: Unarmed           |     7 |       ||     7
       Spear             |    16 |     2 ||    18
       Punch             |       |     1 ||     1
 Cast: Pain              |    71 |     4 ||    75
  Use: Scroll            |     6 |       ||     6
 Stab: Paralysed         |       |     2 ||     2
Armor: Robe              |     8 |     2 ||    10
Dodge: Dodged            |    26 |     5 ||    31

Table legend: (Time is in decaauts)
 A = Elapsed time spent in this place.
 B = Non-inter-level travel time spent in this place.
 C = Inter-level travel time spent in this place.
 D = Time resting spent in this place.
 E = Time spent auto-exploring this place.
 F = Levels seen in this place.
 G = Mean time per level.
                   A        B        C        D        E       F      G
               +--------+--------+--------+--------+--------+-----+--------+
         Total |   2727 |   2645 |     82 |      0 |   2335 |   3 |  909.0 |
       Dungeon |   2727 |   2645 |     82 |      0 |   2335 |   3 |  909.0 |
               +--------+--------+--------+--------+--------+-----+--------+

Top non-repeatable levels by time:
     D:1: 1540 daAuts
     D:2: 1088 daAuts
     D:3: 97 daAuts
